 Dungeon Crawl Stone Soup version 0.30.1 (webtiles) character file.

Game seed: 7367203805854982680

76 monsoonserge the Firebug (level 4, 0/32 HPs)
             Began as a Gnoll Fire Elementalist on July 12, 2023.
             Slain by a gnoll
             ... wielding a +0 spear
              (5 damage)
             ... on level 2 of the Dungeon.
             The game lasted 00:03:45 (1526 turns).

monsoonserge the Firebug (Gnoll Fire Elementalist)  Turns: 1526, Time: 00:03:48

Health: 0/32       AC:  2    Str:  8    XL:     4   Next: 32%
Magic:  0/11       EV: 13    Int: 16    God:
Gold:   83         SH:  0    Dex: 12    Spells: 7/13 levels left

rFire   . . .        f - +0 short sword
rCold   . . .        (no shield)
rNeg    . . .        a - +0 robe
rPois   .            (no helmet)
rElec   .            (no cloak)
rCorr   .            (no gloves)
SInv    .            (no boots)
Will    .....        (no amulet)
Stlth   ++           (no ring)
HPRegen 0.25/turn    (no ring)
MPRegen 0.12/turn

%: no passive effects
@: no status effects
A: fangs 1, strong nose, distributed training
a: no special abilities


You were on level 2 of the Dungeon.
You visited 1 branch of the dungeon, and saw 2 of its levels.

You collected 83 gold pieces.

Inventory:

Hand Weapons
 c - a +0 whip
 f - a +0 short sword (weapon)
Missiles
 g - 6 poisoned darts
Armour
 a - a +0 robe (worn)
Jewellery
 e - an amulet of guardian spirit
Scrolls
 d - 2 scrolls of blinking {unknown}
 h - a scroll of magic mapping {unknown}
 j - a scroll of enchant weapon {unknown}
 k - a scroll of silence {unknown}
Potions
 b - a potion of magic
 i - a potion of cancellation {unknown}
 l - a potion of attraction {unknown}
 m - a potion of berserk rage {unknown}
 n - a potion of mutation {unknown}


   Skills:
 + Level 1.1 Fighting
 + Level 1.1 Short Blades
 + Level 1.1 Long Blades
 + Level 1.1 Axes
 + Level 1.1 Maces & Flails
 + Level 1.1 Polearms
 + Level 1.1 Staves
 + Level 1.1 Ranged Weapons
 + Level 1.1 Throwing
 + Level 1.1 Armour
 + Level 4.6 Dodging
 + Level 4.2 Stealth
 + Level 1.1 Shields
 + Level 1.1 Unarmed Combat
 + Level 5.1 Spellcasting
 + Level 2.2 Conjurations
 + Level 0.9 Hexes
 + Level 0.9 Summonings
 + Level 0.9 Necromancy
 + Level 0.9 Translocations
 + Level 0.9 Transmutations
 + Level 5.4 Fire Magic
 + Level 0.9 Ice Magic
 + Level 0.9 Air Magic
 + Level 0.9 Earth Magic
 + Level 0.9 Poison Magic
 + Level 1.2 Invocations
 + Level 1.1 Evocations


You had 7 spell levels left.
You knew the following spells:

 Your Spells              Type           Power      Damage    Failure   Level
a - Foxfire               Conj/Fire      64%        2x1d7     3%          1
b - Scorch                Fire           42%        2d6       2%          2
c - Volatile Blastmotes   Fire/Tloc      28%        2d12      12%         3

Your spell library contained the following spells:

 Spells                   Type           Power      Damage    Failure   Level
 Necrotise                Necr           28%        1d5       11%         1
 Inner Flame              Hex/Fire       14%        N/A       12%         3
 Vampiric Draining        Necr           7%         2d6       30%         3
 Flame Wave               Conj/Fire      16%        2d7       30%         4
 Agony                    Necr           7%         N/A       96%         5


Dungeon Overview and Level Annotations

Branches:
Dungeon (2/15)

Altars:


Innate Abilities, Weirdness & Mutations

You have very sharp teeth.
Your uncanny sense of smell can sniff out nearby items.
Your experience applies equally to all skills.


Message History

Confirm with . or Enter, or press ? or * to list all spells.
You conjure some foxfire!
The gnoll closely misses you.
Casting: Foxfire (safe; 3% risk of failure)
Confirm with . or Enter, or press ? or * to list all spells.
Flames lash the gnoll.
The gnoll is burned terribly!
The gnoll is severely wounded.
The foxfire hits the gnoll.
The gnoll is burned terribly!
The gnoll is almost dead.
The foxfire hits the gnoll.
The gnoll is burned terribly!
You kill the gnoll!
Casting: Scorch (safe; 2% risk of failure)
Confirm with . or Enter, or press ? or * to list all spells.
Flames lash the gnoll.
The gnoll is severely wounded.
The gnoll's fire resistance burns away.
The gnoll hits you with a +2 antimagic whip!
You feel your power leaking away.
Casting: Scorch (safe; 2% risk of failure)
Confirm with . or Enter, or press ? or * to list all spells.
You don't have enough magic to cast this spell.
You barely miss the gnoll.
The gnoll hits you from afar with a +0 spear!
The gnoll closely misses you.
You hit the gnoll but do no damage. You bite the gnoll, but do no damage.
The gnoll barely misses you. The gnoll closely misses you.
You barely miss the gnoll. You punch the gnoll, but do no damage.
The gnoll misses you.
The gnoll hits you with a +2 antimagic whip.
You hit the gnoll but do no damage. The gnoll misses you.
The gnoll completely misses you.
You hit the gnoll.
The gnoll is moderately wounded.
The gnoll is no longer more vulnerable to fire.
You hit the gnoll.
The gnoll is heavily wounded.
The gnoll hits you with a +2 antimagic whip!
* * * LOW HITPOINT WARNING * * *
You feel your power leaking away.
The gnoll hits you from afar with a +0 spear.
You die...

#....#####.#.........# #..
#.......##.÷.......#.###>.
#..<.##.####.#######......
#....##.......###########.
#....#######..............
#.#### #..~÷~.######.#
#.#### ##.~_~.........
..#...#######.~~~.######.#
.........g@.............#..
....#....g#####...######.###
#......)# #.#.# ###.....#
#.#.# #.....# #.#.# #.....#
#.#.# .......# #.#.#
###...... #.# #......


You could see 2 gnolls.

Vanquished Creatures
  A gnoll (D:2)
  2 adders (D:2)
  4 endoplasms
  3 giant cockroaches (D:1)
  5 hobgoblins (D:1)
  4 jackals (D:1)
  7 kobolds
  4 quokkas
  A ball python (D:1)
  4 bats (D:1)
  2 frilled lizards (D:1)
  3 goblins
  4 rats
44 creatures vanquished.

Vanquished Creatures (others)
  42 foxfires
42 creatures vanquished.

Grand Total: 86 creatures vanquished

Notes
Turn   | Place    | Note
-------+----------+-------------------------------------------
     0 | D:1      | monsoonserge the Gnoll Fire Elementalist began the quest
                  | for the Orb.
     0 | D:1      | Reached XP level 1. HP: 13/13 MP: 6/6
    49 | D:1      | Reached XP level 2. HP: 19/19 MP: 1/7
    53 | D:1      | Learned a level 2 spell: Scorch
   566 | D:1      | Reached skill level 5 in Spellcasting
   566 | D:1      | Reached XP level 3. HP: 25/25 MP: 5/9
   802 | D:1      | Reached skill level 1 in Invocations
  1197 | D:2      | Found a faded altar of an unknown god.
  1294 | D:2      | Reached skill level 1 in Fighting
  1294 | D:2      | Reached skill level 1 in Short Blades
  1294 | D:2      | Reached skill level 1 in Long Blades
  1294 | D:2      | Reached skill level 1 in Axes
  1294 | D:2      | Reached skill level 1 in Maces & Flails
  1294 | D:2      | Reached skill level 1 in Polearms
  1294 | D:2      | Reached skill level 1 in Staves
  1294 | D:2      | Reached skill level 1 in Ranged Weapons
  1294 | D:2      | Reached skill level 1 in Throwing
  1294 | D:2      | Reached skill level 1 in Armour
  1294 | D:2      | Reached skill level 1 in Shields
  1294 | D:2      | Reached skill level 1 in Unarmed Combat
  1294 | D:2      | Reached skill level 1 in Evocations
  1298 | D:2      | Learned a level 3 spell: Volatile Blastmotes
  1356 | D:2      | Reached XP level 4. HP: 32/32 MP: 6/11
  1526 | D:2      | Slain by a gnoll

Illustrated notes

Levels and vault maps discovered:
D:1:      nzn_arrival_crosshair, layout_loops_ring
D:2:      layout_basic, hellmonk_ecumenical_altar_pennies_from_heaven,
          interstate_on_off, serial_bayou_crossing

Skill      XL: |  1  2  3 |
---------------+----------+-----
Conjurations   | 2 |  2.2
Spellcasting   | 5 |  5.1
Invocations    | 1 |  1.2
Fighting       | 1 |  1.1
Short Blades   | 1 |  1.1
Long Blades    | 1 |  1.1
Axes           | 1 |  1.1
Maces & Flails | 1 |  1.1
Polearms       | 1 |  1.1
Staves         | 1 |  1.1
Ranged Weapons | 1 |  1.1
Throwing       | 1 |  1.1
Armour         | 1 |  1.1
Shields        | 1 |  1.1
Unarmed Combat | 1 |  1.1
Evocations     | 1 |  1.1
Dodging        | |  4.6
Stealth        | |  4.2
Hexes          | |  0.9
Summonings     | |  0.9
Necromancy     | |  0.9
Translocations | |  0.9
Transmutations | |  0.9
Fire Magic     | |  5.4
Ice Magic      | |  0.9
Air Magic      | |  0.9
Earth Magic    | |  0.9
Poison Magic   | |  0.9

Action                     |  1- 3 |  4- 6 || total
---------------------------+-------+-------++-------
  Melee: Short sword       |    15 |     6 ||    21
         Punch             |       |     1 ||     1
         Bite              |       |     1 ||     1
   Cast: Foxfire           |    25 |     1 ||    26
         Scorch            |    24 |     6 ||    30
 Armour: Robe              |     6 |       ||     6
  Dodge: Dodged            |    30 |     7 ||    37
